TOP OF THE 1ST |
Athletic Club KC batting - Pitching for Wizarding Express : RHP Gabe Stephenson
|
Pitching: RHP Gabe Stephenson
|
|
Batting: RHB Dong-min Cho
|
0-0: Called Strike 0-1: Called Strike 0-2: Ground out 5-3 (Groundball, 56S)
|
Batting: RHB Pil-joong Pak
|
0-0: Swinging Strike 0-1: Bunt for hit - play at first, batter OUT! 3-4
|
Batting: LHB Tsai Ng
|
0-0: Ball 1-0: Ball 2-0: Called Strike 2-1: Fly out, F7 (Flyball, 78M)
|
Top of the 1st over - 0 runs, 0 hits, 0 errors, 0 left on base; Athletic Club KC 0 - Wizarding 0 |
BOTTOM OF THE 1ST |
Wizarding Express batting - Pitching for Athletic Club KC : LHP Ash Ibarra
|
Pitching: LHP Ash Ibarra
|
|
Batting: RHB António Martínez
|
0-0: Foul Ball, location: 2F 0-1: Foul Ball, location: 2F 0-2: Foul Ball, location: 2F 0-2: Ball 1-2: Ball 2-2: Foul Ball, location: 2F 2-2: Foul Ball, location: 2F 2-2: Ball 3-2: SINGLE (Flyball, 7S)
|
Batting: RHB Frank Grimes
|
0-0: Ball 1-0: Ball 2-0: Called Strike 2-1: Fielders Choice at 2nd, 6-4 (Groundball, 6D)
|
Batting: LHB José Corona
|
0-0: Ball 1-0: Ball 2-0: Ball 3-0: Called Strike 3-1: Base on Balls Frank Grimes to second
|
Batting: RHB Ralph Cranford
|
0-0: Ball 1-0: Foul Ball, location: 2F 1-1: Foul Ball, location: 2F 1-2: Strikes out looking
|
Batting: SHB Fernando Sánchez
|
0-0: Ground out 1-3 (Groundball, P)
|
Bottom of the 1st over - 0 runs, 1 hit, 0 errors, 2 left on base; Athletic Club KC 0 - Wizarding 0 |
TOP OF THE 2ND |
Athletic Club KC batting - Pitching for Wizarding Express : RHP Gabe Stephenson
|
Batting: SHB Pedro Vázquez
|
0-0: Called Strike 0-1: Ball 1-1: Foul Ball, location: 2F 1-2: Strikes out swinging
|
Batting: LHB Jesús Reyes
|
0-0: Called Strike 0-1: Foul Ball, location: 2F 0-2: Ball 1-2: Foul Ball, location: 2F 1-2: Strikes out swinging
|
Batting: RHB Jesús Vargas
|
0-0: Ball 1-0: Foul Ball, location: 2F 1-1: Ball 2-1: Called Strike 2-2: Ball 3-2: Fly out, F5 (Line Drive, 56)
|
Top of the 2nd over - 0 runs, 0 hits, 0 errors, 0 left on base; Athletic Club KC 0 - Wizarding 0 |
BOTTOM OF THE 2ND |
Wizarding Express batting - Pitching for Athletic Club KC : LHP Ash Ibarra
|
Batting: LHB Nathan Tanner
|
0-0: Called Strike 0-1: Foul Ball, location: 2F 0-2: SOLO HOME RUN (Flyball, 9LD), Distance : 349 ft
|
Batting: SHB Salvador Trevino
|
0-0: Called Strike 0-1: SINGLE (Groundball, 13) (infield hit)
|
Batting: LHB António Boccanegra
|
0-0: Ball 1-0: Ball 2-0: Foul Ball, location: 2F 2-1: Grounds into double play, 6-4-3 (Groundball, 6)
|
Batting: LHB David Breitling
|
0-0: Foul Ball, location: 2F 0-1: Ball 1-1: Called Strike 1-2: Ground out 6-3 (Groundball, 6)
|
Bottom of the 2nd over - 1 run, 2 hits, 0 errors, 0 left on base; Athletic Club KC 0 - Wizarding 1 |
TOP OF THE 3RD |
Athletic Club KC batting - Pitching for Wizarding Express : RHP Gabe Stephenson
|
Batting: LHB Manuel Domínguez
|
0-0: Ball 1-0: Ball 2-0: Ball 3-0: Base on Balls
|
Batting: RHB Khal Drogo
|
0-0: Ball 1-0: Ball 2-0: Ball 3-0: Called Strike 3-1: Called Strike 3-2: Base on Balls Manuel Domínguez to second
|
Batting: LHB Matt Herman
|
0-0: Foul Ball, location: 2F 0-1: Grounds into double play, 1-6-3 (Groundball, 13) Manuel Domínguez to third
|
Batting: RHB Dong-min Cho
|
0-0: Foul Ball, location: 2F 0-1: SINGLE (Line Drive, 8LS) Manuel Domínguez scores
|
Batting: RHB Pil-joong Pak
|
0-0: Ball 1-0: Called Strike 1-1: Ball 2-1: Ball 3-1: Base on Balls Dong-min Cho to second
|
Batting: LHB Tsai Ng
|
0-0: Called Strike 0-1: Ground out 4-3 (Groundball, 4)
|
Top of the 3rd over - 1 run, 1 hit, 0 errors, 2 left on base; Athletic Club KC 1 - Wizarding 1 |
BOTTOM OF THE 3RD |
Wizarding Express batting - Pitching for Athletic Club KC : LHP Ash Ibarra
|
Batting: RHB António Martínez
|
0-0: Ball 1-0: Called Strike 1-1: SINGLE (Line Drive, 6MD)
|
Batting: RHB Frank Grimes
|
0-0: Ball 1-0: Grounds into double play, 4-6-3 (Groundball, 4)
|
Batting: LHB José Corona
|
0-0: Ball 1-0: Called Strike 1-1: Ball 2-1: Ground out 6-3 (Groundball, 56)
|
Bottom of the 3rd over - 0 runs, 1 hit, 0 errors, 0 left on base; Athletic Club KC 1 - Wizarding 1 |
TOP OF THE 4TH |
Athletic Club KC batting - Pitching for Wizarding Express : RHP Gabe Stephenson
|
Batting: SHB Pedro Vázquez
|
0-0: Swinging Strike 0-1: Fly out, F8 (Flyball, 8RD)
|
Batting: LHB Jesús Reyes
|
0-0: Ball 1-0: Ball 2-0: Ball 3-0: Base on Balls
|
Batting: RHB Jesús Vargas
|
0-0: SINGLE (Groundball, 6MD) Jesús Reyes to second
|
Batting: LHB Manuel Domínguez
|
0-0: Ground out 5-3 (Groundball, 25) Jesús Reyes to third Jesús Vargas to second
|
Batting: RHB Khal Drogo
|
0-0: Ball 1-0: SINGLE (Groundball, 6MD) Jesús Reyes scores Jesús Vargas to third Runner from 3rd tries for Home, SAFE, no throw
|
Batting: LHB Matt Herman
|
0-0: Ball Khal Drogo steals 2nd base 1-0: Swinging Strike 1-1: Foul Ball, location: 2F 1-2: Ball 2-2: Foul Ball, location: 2F 2-2: Foul Ball, location: 2F 2-2: Ball 3-2: Fly out, F7 (Flyball, 7S)
|
Top of the 4th over - 2 runs, 2 hits, 0 errors, 1 left on base; Athletic Club KC 3 - Wizarding 1 |
BOTTOM OF THE 4TH |
Wizarding Express batting - Pitching for Athletic Club KC : LHP Ash Ibarra
|
Batting: RHB Ralph Cranford
|
0-0: Called Strike 0-1: Ball 1-1: Ball 2-1: Ground out U3 (Groundball, 34)
|
Batting: SHB Fernando Sánchez
|
0-0: Ball 1-0: Called Strike 1-1: Ball 2-1: SINGLE (Line Drive, 78M)
|
Batting: LHB Nathan Tanner
|
0-0: Ball 1-0: Fly out, F5 (Popup, 5S)
|
Batting: SHB Salvador Trevino
|
0-0: Called Strike 0-1: SINGLE (Groundball, 6MD) Fernando Sánchez to second Runner from 2nd tries for 3rd, SAFE, no throw
|
Batting: LHB António Boccanegra
|
0-0: Called Strike 0-1: Ball 1-1: Swinging Strike 1-2: Ground out 6-3 (Groundball, 6M)
|
Bottom of the 4th over - 0 runs, 2 hits, 0 errors, 2 left on base; Athletic Club KC 3 - Wizarding 1 |
TOP OF THE 5TH |
Athletic Club KC batting - Pitching for Wizarding Express : RHP Gabe Stephenson
|
Batting: RHB Dong-min Cho
|
0-0: Ball 1-0: Called Strike 1-1: Ball 2-1: Ball 3-1: Called Strike 3-2: SINGLE (Line Drive, 56)
|
Batting: RHB Pil-joong Pak
|
0-0: Called Strike Throwing error on steal attempt, E2 Dong-min Cho to third 0-1: Ball 1-1: Ground out U3 (Groundball, 3)
|
Batting: LHB Tsai Ng
|
0-0: Ball 1-0: Ball 2-0: Ball 3-0: Base on Balls
|
Batting: SHB Pedro Vázquez
|
0-0: Ball 1-0: Fly out, F9 (Flyball, 9) Runner from 3rd tags up, SCORES, throw made
|
Batting: LHB Jesús Reyes
|
0-0: Ball 1-0: Fly out, F9 (Flyball, 89M)
|
Top of the 5th over - 1 run, 1 hit, 1 error, 1 left on base; Athletic Club KC 4 - Wizarding 1 |
BOTTOM OF THE 5TH |
Wizarding Express batting - Pitching for Athletic Club KC : LHP Ash Ibarra
|
Batting: LHB David Breitling
|
0-0: Called Strike 0-1: Ball 1-1: Ball 2-1: Fly out, F8 (Flyball, 8LS)
|
Batting: RHB António Martínez
|
0-0: Called Strike 0-1: Ball 1-1: Ball 2-1: Foul Ball, location: 2F 2-2: Foul Ball, location: 2F 2-2: Ball 3-2: Foul Ball, location: 2F 3-2: Foul Ball, location: 2F 3-2: Foul Ball, location: 2F 3-2: Foul Ball, location: 2F 3-2: Base on Balls
|
Batting: RHB Frank Grimes
|
0-0: Ball 1-0: Called Strike 1-1: Ball 2-1: Foul Ball, location: 2F 2-2: SINGLE (Line Drive, 56) António Martínez to second
|
Batting: LHB José Corona
|
0-0: Ball 1-0: Ball 2-0: Called Strike 2-1: 3-RUN HOME RUN (Flyball, 7D), Distance : 348 ft
|
Batting: RHB Ralph Cranford
|
0-0: Fly out, F8 (Flyball, 8RS)
|
Batting: SHB Fernando Sánchez
|
0-0: DOUBLE (Flyball, 8RXD)
|
Batting: LHB Nathan Tanner
|
0-0: Swinging Strike 0-1: Ball 1-1: Ball 2-1: 2-RUN HOME RUN (Flyball, 7LD), Distance : 338 ft
|
Batting: SHB Salvador Trevino
|
0-0: SINGLE (Line Drive, 6D)
|
Pitching: RHP Bobby Swain
|
|
Batting: LHB António Boccanegra
|
0-0: Ball 1-0: Called Strike 1-1: Ball 2-1: Swinging Strike 2-2: Ball 3-2: Strikes out swinging
|
Bottom of the 5th over - 5 runs, 5 hits, 0 errors, 1 left on base; Athletic Club KC 4 - Wizarding 6 |
TOP OF THE 6TH |
Athletic Club KC batting - Pitching for Wizarding Express : RHP Gabe Stephenson
|
Pitching: RHP Enrico Reséndez
|
|
Batting: RHB Jesús Vargas
|
0-0: Fly out, F8 (Flyball, 8RS)
|
Batting: LHB Manuel Domínguez
|
0-0: Ball 1-0: Ground out 6-3 (Groundball, 6)
|
Batting: RHB Khal Drogo
|
0-0: Called Strike 0-1: Ball 1-1: Ball 2-1: Swinging Strike 2-2: Strikes out swinging
|
Top of the 6th over - 0 runs, 0 hits, 0 errors, 0 left on base; Athletic Club KC 4 - Wizarding 6 |
BOTTOM OF THE 6TH |
Wizarding Express batting - Pitching for Athletic Club KC : RHP Bobby Swain
|
Batting: LHB David Breitling
|
0-0: Called Strike 0-1: Ball 1-1: Ball 2-1: SINGLE (Flyball, 7LS)
|
Batting: RHB António Martínez
|
0-0: Ball David Breitling steals 2nd base 1-0: Intentional Walk
|
Batting: RHB Frank Grimes
|
0-0: DOUBLE (Flyball, 89XD) David Breitling scores António Martínez to third
|
Batting: LHB José Corona
|
0-0: Intentional Walk
|
Batting: RHB Ralph Cranford
|
0-0: Ball 1-0: Ball 2-0: Swinging Strike 2-1: Ball 3-1: Foul Ball, location: 2F 3-2: Base on Balls António Martínez scores Frank Grimes to third José Corona to second
|
Pitching: RHP Raúl Luna
|
|
Batting: SHB Fernando Sánchez
|
0-0: Ball 1-0: Ball 2-0: SINGLE (Groundball, 4MD) Frank Grimes scores José Corona to third Ralph Cranford to second Runner from 3rd tries for Home, SAFE, throw made home
|
Batting: LHB Nathan Tanner
|
0-0: Ball 1-0: Called Strike 1-1: Ball 2-1: Ball 3-1: Base on Balls Ralph Cranford to third Fernando Sánchez to second
|
Batting: SHB Salvador Trevino
|
0-0: SINGLE (Groundball, 3D) Ralph Cranford scores Fernando Sánchez to third Nathan Tanner to second Runner from 3rd tries for Home, SAFE, no throw
|
Batting: LHB António Boccanegra
|
0-0: Foul Ball, location: 2F 0-1: Ball 1-1: Ball 2-1: Called Strike 2-2: Strikes out swinging
|
Batting: LHB David Breitling
|
0-0: Called Strike 0-1: Swinging Strike 0-2: Strikes out swinging
|
Batting: RHB António Martínez
|
0-0: Called Strike 0-1: Swinging Strike 0-2: Ball 1-2: Foul Ball, location: 2F 1-2: Foul Ball, location: 2F 1-2: Ball 2-2: Strikes out swinging
|
Bottom of the 6th over - 6 runs, 4 hits, 0 errors, 2 left on base; Athletic Club KC 4 - Wizarding 12 |
TOP OF THE 7TH |
Athletic Club KC batting - Pitching for Wizarding Express : RHP Enrico Reséndez
|
Batting: LHB Matt Herman
|
0-0: Called Strike 0-1: DOUBLE (Line Drive, 78XD)
|
Batting: RHB Dong-min Cho
|
0-0: Ball 1-0: Foul Ball, location: 2F 1-1: Ground out 5-3 (Groundball, 56)
|
Batting: RHB Pil-joong Pak
|
0-0: Ball 1-0: Called Strike 1-1: Foul Ball, location: 2F 1-2: Strikes out swinging
|
Batting: LHB Tsai Ng
|
0-0: Called Strike 0-1: SINGLE (Line Drive, 9S) Matt Herman to third Runner from 3rd tries for Home, SAFE, throw made home Tsai Ng to second
|
Batting: SHB Pedro Vázquez
|
0-0: Foul Ball, location: 2F 0-1: Ball 1-1: SINGLE (Groundball, 3) (infield hit) Tsai Ng to third
|
Batting: LHB Jesús Reyes
|
0-0: Ball Wild Pitch! Tsai Ng scores Pedro Vázquez to second 1-0: Fly out, F7 (Flyball, 78M)
|
Top of the 7th over - 2 runs, 3 hits, 0 errors, 1 left on base; Athletic Club KC 6 - Wizarding 12 |
BOTTOM OF THE 7TH |
Wizarding Express batting - Pitching for Athletic Club KC : RHP Raúl Luna
|
Batting: RHB Frank Grimes
|
0-0: Swinging Strike 0-1: Ground out 5-3 (Groundball, 56S)
|
Batting: LHB José Corona
|
0-0: Ball 1-0: Ball 2-0: Ball 3-0: Called Strike 3-1: Base on Balls
|
Batting: RHB Ralph Cranford
|
0-0: Ball 1-0: Grounds into double play, 5-4-3 (Groundball, 56)
|
Bottom of the 7th over - 0 runs, 0 hits, 0 errors, 0 left on base; Athletic Club KC 6 - Wizarding 12 |
TOP OF THE 8TH |
Athletic Club KC batting - Pitching for Wizarding Express : RHP Enrico Reséndez
|
Batting: RHB Jesús Vargas
|
0-0: Called Strike 0-1: Ball 1-1: Called Strike 1-2: Fly out, F4 (Line Drive, 4)
|
Batting: LHB Manuel Domínguez
|
0-0: Ball 1-0: Called Strike 1-1: Foul Ball, location: 2F 1-2: Ball 2-2: SINGLE (Groundball, 5S) (infield hit)
|
Batting: RHB Khal Drogo
|
0-0: Ball 1-0: Ball 2-0: Ball 3-0: Base on Balls Manuel Domínguez to second
|
Batting: LHB Matt Herman
|
0-0: Fly out, F5 (Popup, 5SF)
|
Batting: RHB Dong-min Cho
|
0-0: Ball 1-0: Foul Ball, location: 2F 1-1: Called Strike 1-2: Ball 2-2: Strikes out swinging
|
Top of the 8th over - 0 runs, 1 hit, 0 errors, 2 left on base; Athletic Club KC 6 - Wizarding 12 |
BOTTOM OF THE 8TH |
Wizarding Express batting - Pitching for Athletic Club KC : RHP Raúl Luna
|
Batting: SHB Fernando Sánchez
|
0-0: Ball 1-0: Called Strike 1-1: Ball 2-1: Foul Ball, location: 2F 2-2: Strikes out swinging
|
Batting: LHB Nathan Tanner
|
0-0: Ball 1-0: Swinging Strike 1-1: Foul Ball, location: 2F 1-2: Fly out, F9 (Flyball, 9LSF)
|
Batting: SHB Salvador Trevino
|
0-0: Ball 1-0: Ball 2-0: Foul Ball, location: 2F 2-1: Foul Ball, location: 2F 2-2: Ball 3-2: Base on Balls
|
Batting: LHB António Boccanegra
|
0-0: Called Strike 0-1: Called Strike 0-2: Foul Ball, location: 2F 0-2: Strikes out swinging
|
Bottom of the 8th over - 0 runs, 0 hits, 0 errors, 1 left on base; Athletic Club KC 6 - Wizarding 12 |
TOP OF THE 9TH |
Athletic Club KC batting - Pitching for Wizarding Express : RHP Enrico Reséndez
|
Now in RF: Ken Watanabe
|
|
Batting: RHB Pil-joong Pak
|
0-0: Called Strike 0-1: Swinging Strike 0-2: Ball 1-2: Strikes out looking
|
Batting: LHB Tsai Ng
|
0-0: Called Strike 0-1: Fly out, F8 (Flyball, 8RD)
|
Batting: SHB Pedro Vázquez
|
0-0: Called Strike 0-1: Ground out 4-3 (Groundball, 4)
|
Top of the 9th over - 0 runs, 0 hits, 0 errors, 0 left on base; Athletic Club KC 6 - Wizarding 12 |
|